 Dungeon Crawl Stone Soup version 0.14-a0-3336-g0242c21 (webtiles) character file.

7214 HenryFlower the Bludgeoner (level 11, 0/100 HPs)
             Began as an Ogre Berserker on Mar 16, 2014.
             Was a High Priest of Trog.
             Slain by a seven-headed hydra skeleton (6 damage)
             ... on Level 10 of the Dungeon.
             The game lasted 00:29:18 (13065 turns).

HenryFlower the Bludgeoner (Ogre Berserker)        Turns: 13065, Time: 00:29:18

HP   0/100       AC  7     Str 24      XL: 11   Next:  6%
MP  11/11        EV 10     Int  6      God: Trog [*****.]
Gold 354         SH  0     Dex 12      Spells:  0 memorised, 10 levels left

rFire  . . .     SeeInvis .     a - +0,+1 giant club
rCold  + . .     Clarity  .     B - +2 robe {MR+}
rNeg   + . .     Conserve .     (shield restricted)
rPois  .         rCorr    .     w - +2 hat
rElec  .         rRot     .     (no cloak)
SustAb . .       Spirit   .     (gloves unavailable)
rMut   .         Warding  .     (boots unavailable)
Saprov + . .     Stasis   .     K - amulet of faith
MR     +....                    H - ring of protection from cold
                                u - ring of positive energy {unknown}

@: somewhat resistant to hostile enchantments, unstealthy
A: unfitting armour, fast metabolism 1, saprovore 1, tough skin 1
a: Burn Spellbooks, Berserk, Trog's Hand, Brothers in Arms, Renounce Religion


You were on level 10 of the Dungeon.
You worshipped Trog.
Trog was extremely pleased with you.
You were not hungry.

You visited 1 branch of the dungeon, and saw 10 of its levels.
You also visited: Sewer.

You collected 354 gold pieces.

Inventory:

Hand weapons
 a - a +0,+1 giant club (weapon)
 k - a +2,-4 whip of freezing
 q - a +2,+5 sling of velocity
 G - a +0,+1 whip of flaming
Missiles
 r - 3 large rocks (quivered)
Armour
 w - a +2 hat (worn)
 B - a +2 robe of magic resistance (worn)
Magical devices
 b - a wand of magic darts (8)
 e - a wand of heal wounds (6)
 n - a wand of fire (2)
 p - a wand of frost (7)
 D - a wand of teleportation (2)
 E - a wand of polymorph (9)
Comestibles
 c - 4 meat rations
 s - a choko
 x - 3 bread rations
Scrolls
 d - a scroll of enchant weapon I {unknown}
 g - 2 scrolls of fog {unknown}
 h - 6 scrolls of remove curse
 i - 2 scrolls of teleportation
 j - 3 scrolls of enchant weapon II
 m - 2 scrolls of random uselessness {unknown}
 o - 2 scrolls of blinking {unknown}
 v - 2 scrolls of immolation
 y - a scroll of magic mapping {unknown}
 C - a scroll of identify
 I - 2 scrolls of recharging {unknown}
Jewellery
 u - a ring of positive energy (left hand) {unknown}
 A - an uncursed amulet of stasis
 H - a ring of protection from cold (right hand)
 K - an amulet of faith (around neck)
Potions
 f - 3 potions of curing
 l - a potion of might
 t - a potion of berserk rage
 z - 2 potions of heal wounds
 F - a potion of lignification {unknown}
 J - a potion of magic


   Skills:
 - Level 4.0 Fighting
 + Level 19.0 Maces & Flails
 - Level 5.0 Throwing
 - Level 2.9 Dodging


You had 10 spell levels left.
You didn't know any spells.

Dungeon Overview and Level Annotations

Branches:
Dungeon (10/15)            Temple (0/1) D:5
    Orc: D:9-12        Lair: D:8-11

Altars:
Cheibriados
Xom
The Shining One

Shops:
D:5 }


Innate Abilities, Weirdness & Mutations

You are too large for most types of armour.
You have a fast metabolism.
You can tolerate rotten meat.
You have tough skin (AC +1).


Message History

The seven-headed hydra skeleton bites you.
* * * LOW HITPOINT WARNING * * *
The seven-headed hydra skeleton closely misses you.
The seven-headed hydra skeleton bites you but does no damage.
The seven-headed hydra skeleton bites you!
* * * LOW HITPOINT WARNING * * *
The seven-headed hydra skeleton bites you but does no damage.
The seven-headed hydra skeleton bites you.
* * * LOW HITPOINT WARNING * * *
You sock the seven-headed hydra skeleton!
The seven-headed hydra skeleton bites you.
* * * LOW HITPOINT WARNING * * *
The seven-headed hydra skeleton bites you!
* * * LOW HITPOINT WARNING * * *
The seven-headed hydra skeleton closely misses you.
The seven-headed hydra skeleton barely misses you.
The seven-headed hydra skeleton bites you!
* * * LOW HITPOINT WARNING * * *
The seven-headed hydra skeleton bites you.
You die...

. .. ###+# .#
....########.#
............#
#..........######
#................
#.................
#........@........
#...##'###Z.......
.#######...#....#.......
...........#....#h......
#####......#....#.......
#..<...#....#......
#......######.....
#.......... ....
#.......... .


You could see a hound and a seven-headed hydra skeleton.

Vanquished Creatures
  Gastronok (D:8)
  Pikel (D:6)
  A gargoyle (D:9)
  Grinder (D:3)
  A troll (D:9)
  Prince Ribbit (D:8)
  A basilisk (D:8)
  The ghost of wheals the Stinger, an average DEVM (D:4)
  A deep elf mage (D:9)
  2 hippogriffs
  A hill giant skeleton (D:8)
  The ghost of Placid the Chopper, an average TeSk (Sewer)
  A sky beast (D:9)
  5 ice beasts
  A black bear (D:8)
  3 ogres
  2 centaurs
  A phantom (D:7)
  7 giant frogs
  4 scorpions
  3 wights (D:8)
  3 killer bees (D:8)
  3 crimson imps
  3 hounds
  A quasit (D:5)
  A black bear zombie (D:6)
  4 jellies
  4 orc priests
  An elf skeleton (D:7)
  5 worker ants
  7 orc wizards
  A big kobold zombie (D:6)
  Ijyb (D:6)
  A hound zombie (D:5)
  A worker ant zombie (D:7)
  A scorpion zombie (D:6)
  11 adders
  11 giant mites
  3 shadow imps
  4 worms
  An inept item mimic (D:4)
  4 giant eyeballs
  14 giant geckos
  An ooze (D:1)
  30 orcs
  11 ball pythons
  20 goblins
  17 hobgoblins
  13 jackals
  6 quokkas
  18 bats
  20 giant cockroaches
  8 giant newts
  A gnoll skeleton (D:6)
  14 kobolds
  A kobold skeleton (D:6)
  2 orc zombies
  14 rats
301 creatures vanquished.

Vanquished Creatures (others)
  A slave (D:6)
  An ogre (D:6)
  2 orc wizards (D:6)
  An orc (D:6)
5 creatures vanquished.

Grand Total: 306 creatures vanquished

Notes
Turn   | Place    | Note
--------------------------------------------------------------
     0 | D:1      | HenryFlower, the Ogre Berserker, began the quest for the Orb.
     0 | D:1      | Reached XP level 1. HP: 24/24 MP: 1/1
    77 | D:1      | Reached XP level 2. HP: 26/32 MP: 2/2
   238 | D:1      | Reached skill level 5 in Maces & Flails
   370 | D:1      | Acquired Trog's second power
   697 | D:1      | Reached XP level 3. HP: 37/39 MP: 3/3
  1267 | D:2      | Found a snail-covered altar of Cheibriados.
  1366 | D:2      | Reached skill level 6 in Maces & Flails
  1829 | D:2      | Reached XP level 4. HP: 41/48 MP: 4/4
  2031 | D:2      | Found a shimmering altar of Xom.
  2035 | D:2      | Found a glowing golden altar of the Shining One.
  2488 | D:3      | Found a glowing drain.
  2536 | Sewer    | Entered a sewer
  2542 | Sewer    | Reached skill level 7 in Maces & Flails
  2542 | Sewer    | Reached XP level 5. HP: 54/54 MP: 5/5
  2675 | Sewer    | Noticed Placid's ghost (average TeSk)
  2689 | Sewer    | Killed Placid's ghost
  2689 | Sewer    | Reached skill level 8 in Maces & Flails
  2689 | Sewer    | Reached XP level 6. HP: 62/62 MP: 6/6
  2856 | Sewer    | Reached skill level 9 in Maces & Flails
  3027 | Sewer    | Acquired Trog's third power
  3562 | Sewer    | Noticed a giant frog
  3563 | Sewer    | Noticed a giant frog
  3570 | Sewer    | Killed a giant frog
  3570 | Sewer    | Reached skill level 10 in Maces & Flails
  3570 | Sewer    | Reached XP level 7. HP: 70/70 MP: 7/7
  3580 | Sewer    | Killed a giant frog
  4143 | D:3      | Noticed Grinder
  4162 | D:3      | Killed Grinder
  4162 | D:3      | Reached skill level 11 in Maces & Flails
  5180 | D:4      | Reached XP level 8. HP: 74/78 MP: 8/8
  5554 | D:4      | Noticed wheals' ghost (average DEVM)
  5567 | D:4      | Killed wheals' ghost
  5567 | D:4      | Reached skill level 12 in Maces & Flails
  5878 | D:5      | Entered Level 5 of the Dungeon
  5965 | D:5      | Paralysed by a giant eyeball for 2 turns
  6083 | D:5      | Paralysed by a giant eyeball for 2 turns
  6350 | D:5      | Reached skill level 13 in Maces & Flails
  6391 | D:5      | Found a staircase to the Ecumenical Temple.
  6682 | D:5      | Reached skill level 1 in Throwing
  6866 | D:5      | Found Dyagomeg's Gadget Emporium.
  7795 | D:6      | Received a gift from Trog
  7960 | D:6      | Noticed Ijyb
  8032 | D:6      | Noticed Pikel
  8080 | D:6      | Killed Pikel
  8080 | D:6      | Reached XP level 9. HP: 84/84 MP: 9/9
  8167 | D:6      | Killed Ijyb
  8330 | D:6      | Reached skill level 14 in Maces & Flails
  8330 | D:6      | Reached skill level 5 in Throwing
  9244 | D:7      | Reached skill level 15 in Maces & Flails
  9439 | D:7      | Found a shimmering altar of Xom.
 10210 | D:8      | Noticed Prince Ribbit
 10213 | D:8      | Killed Prince Ribbit
 10213 | D:8      | Reached skill level 16 in Maces & Flails
 10213 | D:8      | Reached XP level 10. HP: 92/92 MP: 10/10
 10281 | D:8      | Received a gift from Trog
 10468 | D:8      | Noticed Gastronok
 10485 | D:8      | Killed Gastronok
 10485 | D:8      | Reached skill level 17 in Maces & Flails
 10933 | D:8      | Reached skill level 18 in Maces & Flails
 12074 | D:9      | Paralysed by a giant eyeball for 4 turns
 12581 | D:9      | Reached XP level 11. HP: 100/100 MP: 11/11
 12865 | D:9      | Reached skill level 19 in Maces & Flails
 13039 | D:10     | Entered Level 10 of the Dungeon
 13065 | D:10     | Slain by a seven-headed hydra skeleton

Action                   |  1- 3 |  4- 6 |  7- 9 | 10-12 || total
-------------------------+-------+-------+-------+-------++-------
Melee: Mace              |    68 |    86 |    29 |       ||   183
       Whip              |   103 |   125 |    59 |    37 ||   324
       Flail             |       |       |   317 |       ||   317
       Giant club        |       |       |    83 |   150 ||   233
Throw: Large rock        |       |       |    11 |     8 ||    19
Invok: Berserk           |       |     3 |     4 |     1 ||     8
Evoke: Wand              |       |       |     3 |       ||     3
  Use: Potion            |       |     1 |       |     1 ||     2
       Scroll            |       |       |     8 |     6 ||    14
 Stab: Sleeping          |       |     1 |     1 |     1 ||     3
